 Dungeon Crawl Stone Soup version 0.28-a0-861-ge64d6db94f (webtiles) character file.

Game seed: 5233146714038967096

44877 mandarbmax the Tainter (level 14, -2/132 HPs)
             Began as a Naga Venom Mage on Nov 16, 2021.
             Was the Champion of Cheibriados.
             Killed from afar by a fire dragon (69 damage)
             ... with a blast of flame
             ... on level 6 of the Lair of Beasts.
             The game lasted 01:08:16 (23365 turns).

mandarbmax the Tainter (Naga Venom Mage)           Turns: 23365, Time: 01:08:20

Health: -2/132     AC: 18    Str: 26    XL:     14   Next: 30%
Magic:  3/24       EV: 19    Int: 44    God:    Cheibriados [******]
Gold:   1714       SH:  9    Dex: 31    Spells: 2/27 levels left

rFire   x . .      SeeInvis +   o - staff of air
rCold   + . .      Faith    .   L - +2 buckler {rC+}
rNeg    . . .      Spirit   .   k - +3 ring mail "Huly" {rElec rF- Str-5 Int+8}
rPois   +          Reflect  .   C - +1 helmet
rElec   +          Harm     .   d - +1 cloak
rCorr   .          Rampage  .   c - +0 pair of gloves
Will    +....                   (no barding)
Stlth   +++.......              P - amulet of the Air {Inacc Air Fly rElec RMsl}
HPRegen 1.32/turn               l - +4 ring of evasion
MPRegen 0.19/turn               M - +6 ring of strength

@: flying, studying Armour, repel missiles, very slow
A: AC +4, large, see invisible, deformed body, poison resistance, slowness 2,
spit poison 1, naga tail 2, agile 2, regeneration 1, sturdy frame 1
a: Spit Poison, Renounce Religion, Bend Time, Temporal Distortion, Slouch, Step
From Time


You were on level 6 of the Lair of Beasts.
You worshipped Cheibriados.
Cheibriados was exalted by your worship.
You visited 4 branches of the dungeon, and saw 21 of its levels.
You also visited: Bailey and Ice Cave.

You collected 2155 gold pieces.
You spent 441 gold pieces at shops.

Inventory:

Hand Weapons
 r - the +9 falchion of the Sneaky Beasts {elec, +Blink rPois Str+4}
   (You found it on level 4 of the Dungeon)

   It occasionally discharges a powerful burst of electricity upon striking a
   foe.
   Str:       It affects your strength (+4).
   rPois:     It protects you from poison.
   +Blink:    It lets you blink.
Missiles
 e - 11 throwing nets
Armour
 c - a +0 pair of gloves (worn)
 d - a +1 cloak (worn)
 g - a +4 ring mail of cold resistance
 k - the +3 ring mail "Huly" (worn) {rElec rF- Str-5 Int+8}
   (You found it on level 1 of the Lair of Beasts)

   Str:       It affects your strength (-5).
   Int:       It affects your intelligence (+8).
   rF:        It makes you vulnerable to fire.
   rElec:     It insulates you from electricity.
 C - a +1 helmet (worn)
 L - a +2 buckler of cold resistance (worn)
 N - a +2 leather armour of resistance
Magical Staves
 o - a staff of air (weapon)
 G - a staff of poison
Jewellery
 l - a +4 ring of evasion (left hand)
 s - a ring of protection from fire
 M - a +6 ring of strength (right hand)
 P - the amulet of the Air (around neck) {Inacc Air Fly rElec RMsl}
   (You found it in an ice cave)

   [amulet of nothing]

   It reduces the accuracy of all your attacks.
   It enhances your air magic.
   rElec:     It insulates you from electricity.
   Fly:       It grants you flight.
   RMsl:      It protects you from missiles.
 Q - a +6 ring of dexterity
Wands
 a - a wand of digging (7)
 x - a wand of polymorph (13)
 y - a wand of flame (27)
 H - a wand of iceblast (12)
 K - a wand of charming (33)
Scrolls
 f - a scroll of summoning
 j - a scroll of magic mapping
 q - 2 scrolls of fog
 v - a scroll of teleportation
 B - 2 scrolls of brand weapon
 D - 4 scrolls of amnesia
 E - 2 scrolls of torment
 F - a scroll of immolation
 I - 3 scrolls of vulnerability
 O - 3 scrolls of identify
Potions
 b - 2 potions of might
 h - 4 potions of flight
 i - 2 potions of mutation
 m - 2 potions of heal wounds
 n - 3 potions of attraction
 p - 3 potions of lignification
 t - 6 potions of curing
 u - a potion of resistance
 w - 3 potions of magic
 A - 2 potions of cancellation
 J - a potion of brilliance
Miscellaneous
 z - a phantom mirror


   Skills:
 - Level 10.0 Fighting
 + Level 10.1 Armour
 - Level 6.0 Dodging
 - Level 3.0 Stealth
 - Level 2.4 Shields
 - Level 7.0 Spellcasting
 - Level 6.0 Conjurations
 - Level 4.0 Transmutations
 + Level 11.3 Air Magic
 - Level 13.0 Poison Magic
 - Level 6.0 Invocations
 - Level 6.0 Evocations


You had 2 spell levels left.
You knew the following spells:

 Your Spells              Type           Power      Damage    Failure   Level
b - Ignite Poison         Fire/Tmut/Pois 60%        N/A       1%          3
c - Olgreb's Toxic Radia  Pois           92%        N/A       1%          4
d - Mephitic Cloud        Conj/Pois/Air  100%       N/A       1%          3
e - Corpse Rot            Necr/Air       100%       N/A       1%          2
f - Static Discharge      Conj/Air       100%       N/A       1%          2
g - Eringya's Noxious Bo  Tmut/Pois      37%        N/A       10%         6
h - Lightning Bolt        Conj/Air       58%        1d81      1%          5

Your spell library contained the following spells:

 Spells                   Type           Power      Damage    Failure   Level
 Beastly Appendage        Tmut           100%       N/A       1%          1
 Sting                    Tmut/Pois      100%       1d8       1%          1
 Poisonous Vapours        Pois/Air       100%       N/A       1%          2
 Wereblood                Tmut           50%        N/A       1%          2
 Blink                    Tloc           30%        N/A       3%          2
 Ensorcelled Hibernation  Hex/Ice        30%        N/A       3%          2
 Sublimation of Blood     Necr           15%        N/A       3%          2
 Dazzling Flash           Conj/Hex       82%        N/A       1%          3
 Alistair's Intoxication  Tmut/Pois      49%        N/A       1%          5
 Freezing Cloud           Conj/Ice/Air   49%        6-21      5%          5
 Call Canine Familiar     Summ           15%        N/A       6%          3
 Lesser Beckoning         Tloc           15%        N/A       6%          3
 Ozocubu's Armour         Ice            15%        N/A       6%          3
 Portal Projectile        Hex/Tloc       30%        N/A       6%          3
 Tukima's Dance           Hex            15%        N/A       6%          3
 Silence                  Hex/Air        49%        N/A       6%          5
 Leda's Liquefaction      Hex/Erth       7%         N/A       21%         4
 Agony                    Necr           15%        N/A       50%         5
 Manifold Assault         Tloc           15%        N/A       50%         5
 Metabolic Englaciation   Hex/Ice        7%         N/A       50%         5
 Maxwell's Capacitive Co  Air            65%        ∞         80%         8
 Simulacrum               Ice/Necr       7%         N/A       97%         6
 Summon Hydra             Summ           7%         N/A       100%        7


Dungeon Overview and Level Annotations

Branches:
Dungeon (12/15)            Temple (1/1) D:5            Lair (6/6) D:11
  Swamp (0/4) Lair:4       Spider (0/4) Lair:2        Slime (0/5) Lair:5
    Orc (2/2) D:9             Elf (0/3) Orc:2        Bailey (visited)
  IceCv (visited)

Altars:
Ashenzari
Cheibriados
Dithmenos
Elyvilon
Fedhas
Gozag
Hepliaklqana
Kikubaaqudgha
Makhleb
Nemelex Xobeh
Okawaru
Qazlal
Ru
Sif Muna
Trog
Uskayaw
Vehumet
Wu Jian
Xom
Yredelemnul
Zin
The Shining One
Beogh
Jiyva

Shops:
D:2 !   D:5 ?   Orc:2 [(=*

Annotations:
D:11 2 transporters
Orc:2 3 runed translucent doors, SirDiesAlot's ghost, journeyman MiDe


Innate Abilities, Weirdness & Mutations

Your serpentine skin is tough. (AC +4)
You have supernaturally acute eyesight. (SInv)
Armour fits poorly on your strangely shaped body.
Your system is resistant to poisons. (rPois)
You cover ground very slowly.
You can spit poison.
You can use your snake-like lower body to constrict enemies.
You are very agile. (Dex +4)
Your natural rate of healing is unusually fast.
Your movements are slightly less encumbered by armour. (ER -2)


Message History

Unknown command.
Casting: Static Discharge (safe; 1% risk of failure)
Confirm with . or Enter, or press ? or * to list all spells.
You feel a strong surge of power!
The fire dragon is struck by an arc of lightning.
The fire dragon is moderately wounded.
You resist.
You are struck by an arc of lightning.
You are engulfed in a cloud of scalding steam.
The fire dragon is engulfed in blazing flames.
The fire dragon bites you!
The fire dragon claws you but does no damage.
The fire dragon tramples you but does no damage.
The forest fire spreads! x2
Unknown command.
Unknown command.
Casting: Static Discharge (safe; 1% risk of failure)
Confirm with . or Enter, or press ? or * to list all spells.
You feel a strong surge of power!
The fire dragon is struck by an arc of lightning!
The fire dragon is heavily wounded.
The lightning grounds out.
The fire dragon is engulfed in blazing flames.
The fire dragon closely misses you. You block the fire dragon's attack.
The fire dragon completely misses you.
Unknown command.
Unknown command.
Unknown command.
You barely miss the fire dragon.
The fire dragon is heavily wounded.
You are engulfed in a cloud of scalding steam.
You block the fire dragon's attack. The fire dragon claws you.
The fire dragon tramples you.
You are shoved backwards!
You hit the fire dragon but do no damage.
The fire dragon is electrocuted!
The fire dragon is severely wounded.
You are engulfed in blazing flames.
The fire dragon breathes flames at you. The blast of flame hits you!!!
The fire burns you terribly!
Ouch! That really hurt!
You die...

♣♣♣♣♣♣♣ ♣♣♣..≈≈≈≈≈
♣♣...≈≈≈≈≈≈ ♣..≈≈≈≈≈≈≈≈
#♣○....≈≈≈≈≈
#§@D°°°..≈≈≈
.......#..##♣○≈°§°♣.≈.
..........##♣§≈°§§♣♣
...........#♣P§°°♣°♣♣
...........#♣♣.≈≈..≈♣♣♣
♣ ...........#
♣♣≈.†≈≈≈P♣♣ ♣≈
...........#
♣....≈≈†.♣♣ ♣.≈
...........#
♣.....†≈..♣♣♣≈≈.
......†....##
♣...♣♣.♣≈≈≈≈≈≈≈.


You could see a fire dragon (catching breath).

Vanquished Creatures
  A reaper (IceCv)
  Harold (D:8)
  A boulder beetle (D:11)
  5 hydras
  3 two-headed ogres
  A skeletal warrior (D:12)
  A swamp dragon (Lair:6)
  2 lindwurms
  An orc knight (Orc:2)
  4 orc sorcerers
  A wolf spider (Lair:2)
  An ugly thing (D:11)
  2 oklob plants (D:11)
  2 cyclopes
  Maurice (D:10)
  An ice statue (IceCv)
  3 elephants (Lair:4)
  A black mamba (Lair:3)
  8 cane toads
  Maggie (D:9)
  5 rime drakes
  A torpor snail (Lair:6)
  An unseen horror (D:11)
  Psyche (D:10)
  4 komodo dragons
  An entropy weaver simulacrum (IceCv)
  A freezing wraith (IceCv)
  An anaconda simulacrum (IceCv)
  2 ice devils (Orc:2)
  5 trolls
  A hornet (D:9)
  2 tyrant leeches (Lair:4)
  Prince Ribbit (D:9)
  A dream sheep (Lair:2)
  11 blink frogs
  Sigmund (D:6)
  2 redbacks (Lair:2)
  50 yaks
  A shadow (D:11)
  2 wraiths (D:11)
  Eustachio (D:6)
  A golden eye (D:9)
  3 wyverns
  2 steam dragons (Lair:6)
  A vampire mosquito (D:11)
  A death yak simulacrum (IceCv)
  3 basilisks
  2 swamp worms (Lair:4)
  A harpy simulacrum (IceCv)
  14 water moccasins
  4 acid dragons
  2 ice beasts
  A black bear (Lair:5)
  2 swamp drakes
  A sky beast (D:6)
  A necrophage (D:5)
  12 orc warriors
  5 ogres
  5 wolves (Lair:6)
  4 centaurs
  A phantom (D:5)
  3 kobold brigands
  8 bullfrogs
  5 two-headed ogre simulacra (IceCv)
  8 gnoll sergeants (Bailey)
  A cane toad simulacrum (IceCv)
  A water moccasin skeleton (D:7)
  8 killer bees
  5 wights (D:6)
  4 elephant simulacra (IceCv)
  3 howler monkeys
  A bullfrog zombie (D:5)
  4 hounds
  A jelly (D:6)
  3 centaur zombies
  Crazy Yiuf (D:6)
  3 orc priests
  A centaur skeleton (D:5)
  10 iguanas
  7 gnoll shamans
  Terence (D:2)
  6 orc wizards
  5 hell rats (Lair:6)
  A scorpion zombie (D:4)
  7 troll simulacra (IceCv)
  A polar bear simulacrum (IceCv)
  4 spriggan simulacra (IceCv)
  A wolf simulacrum (IceCv)
  A killer bee zombie (D:8)
  2 hound skeletons (D:4)
  2 howler monkey zombies
  24 gnolls
  5 adders
  10 naga simulacra (IceCv)
  A shadow imp (D:5)
  10 white imps
  6 ufetubi
  2 dart slugs
  28 orcs
  2 bats
  8 endoplasms
  A giant cockroach (D:2)
  7 goblins
  A hobgoblin (D:1)
  5 quokkas
  8 ball pythons
  A frilled lizard (D:2)
  20 kobolds
  A quokka skeleton (D:4)
  6 rats
456 creatures vanquished.

Vanquished Creatures (others)
  2 orc warlords
  5 death yaks (Lair:4)
  2 orc high priests (Orc:2)
  Sonja (Lair:4)
  An orc knight (Orc:2)
  An orc sorcerer (Orc:2)
  A black mamba (Lair:4)
  A cane toad (Lair:4)
  A torpor snail (Lair:2)
  A komodo dragon (Lair:6)
  A troll (Orc:2)
  6 dream sheep
  6 blink frogs
  20 yaks
  4 wargs
  3 water moccasins
  4 orc warriors (Orc:2)
  5 bullfrogs
  A hell rat (Lair:6)
  27 fungi
  54 plants
147 creatures vanquished.

Grand Total: 603 creatures vanquished

Notes
Turn   | Place    | Note
-------+----------+-------------------------------------------
     0 | D:1      | mandarbmax the Naga Venom Mage began the quest for the Orb.
     0 | D:1      | Reached XP level 1. HP: 15/15 MP: 3/3
   222 | D:1      | Gained mutation: You are agile. (Dex +2) [potion of
                  | mutation]
   222 | D:1      | Gained mutation: You are very agile. (Dex +4) [potion of
                  | mutation]
   222 | D:1      | Gained mutation: Your movements are slightly less
                  | encumbered by armour. (ER -2) [potion of mutation]
   222 | D:1      | Gained mutation: Your natural rate of healing is unusually
                  | fast. [potion of mutation]
   225 | D:1      | Reached XP level 2. HP: 5/22 MP: 0/5
   372 | D:1      | Learned a level 2 spell: Poisonous Vapours
   421 | D:1      | Found a faded altar of an unknown god.
   714 | D:1      | Reached skill level 5 in Poison Magic
   899 | D:2      | Reached XP level 3. HP: 28/28 MP: 6/6
   973 | D:2      | Noticed Terence
   992 | D:2      | Killed Terence
   993 | D:2      | Reached skill level 6 in Poison Magic
   993 | D:2      | Reached XP level 4. HP: 32/36 MP: 1/7
  1219 | D:2      | Found Laggefyo's Distillery.
  1225 | D:2      | Bought a potion of berserk rage for 55 gold pieces
  2201 | D:3      | Found a blossoming altar of Fedhas.
  3200 | D:4      | Reached XP level 5. HP: 42/42 MP: 5/8
  3205 | D:4      | Identified the +9 falchion of the Sneaky Beasts {elec,
                  | +Blink rPois Str+4}
  3494 | D:4      | Reached skill level 7 in Poison Magic
  3503 | D:4      | Reached XP level 6. HP: 39/49 MP: 6/11
  3597 | D:5      | Entered Level 5 of the Dungeon
  3625 | D:5      | Found a staircase to the Ecumenical Temple.
  3626 | D:5      | Noticed a necrophage
  3633 | D:5      | Killed a necrophage
  3641 | Temple   | Entered the Ecumenical Temple
  3856 | Temple   | Became a worshipper of Cheibriados the Contemplative
  3934 | D:5      | Reached skill level 8 in Poison Magic
  4019 | D:5      | Identified the +4 trident "Niedukh" {vorpal, Str+4 Int-3
                  | Dex+3}
  4043 | D:5      | Reached XP level 7. HP: 42/55 MP: 8/13
  4406 | D:5      | Learned a level 4 spell: Olgreb's Toxic Radiance
  4427 | D:5      | Reached skill level 9 in Poison Magic
  4661 | D:5      | Found Mubaym's Magic Scroll Emporium.
  4688 | D:6      | Found a hazy altar of Hepliaklqana.
  4723 | D:6      | Reached skill level 5 in Spellcasting
  4870 | D:6      | Reached XP level 8. HP: 62/62 MP: 11/17
  4915 | D:6      | Noticed Eustachio
  4924 | D:6      | Killed Eustachio
  4924 | D:6      | Reached * piety under Cheibriados
  4925 | D:6      | Reached skill level 1 in Fighting
  5270 | D:6      | You fall into a shaft and drop 3 floors!
  5270 | D:9      | Found a staircase to the Orcish Mines.
  5412 | D:9      | Noticed Maggie
  5435 | D:9      | Killed Maggie
  5436 | D:9      | Reached XP level 9. HP: 43/80 MP: 0/18
  5457 | D:9      | Reached skill level 5 in Fighting
  5481 | D:9      | Noticed Prince Ribbit
  5482 | D:9      | Reached ** piety under Cheibriados
  5483 | D:9      | Reached skill level 5 in Dodging
  5500 | D:9      | Killed Prince Ribbit
  5535 | D:9      | Found a flagged portal.
  5544 | Bailey   | Entered a bailey
  5562 | Bailey   | Learned a level 3 spell: Mephitic Cloud
  5565 | Bailey   | Learned a level 2 spell: Corpse Rot
  5593 | Bailey   | Reached skill level 1 in Air Magic
  5781 | Bailey   | Identified the +8 triple crossbow of Qetiy {elec, Dex+6}
  6182 | Bailey   | Reached skill level 10 in Poison Magic
  6281 | Bailey   | Reached *** piety under Cheibriados
  6569 | Bailey   | Identified a scroll of acquirement
  6700 | D:9      | Noticed a hornet
  6704 | D:9      | Killed a hornet
  6865 | D:9      | Reached XP level 10. HP: 91/91 MP: 12/19
  6921 | D:9      | Noticed a two-headed ogre
  6930 | D:9      | Killed a two-headed ogre
  6931 | D:9      | Reached skill level 5 in Air Magic
  6931 | D:9      | Reached skill level 11 in Poison Magic
  7019 | D:9      | Noticed a two-headed ogre
  7030 | D:9      | Killed a two-headed ogre
  7308 | D:7      | Noticed a cyclops
  7319 | D:7      | Killed a cyclops
  7320 | D:7      | Reached skill level 12 in Poison Magic
  7656 | D:6      | Noticed Sigmund
  7664 | D:6      | Killed Sigmund
  7847 | D:6      | Found a runed translucent door.
  7848 | D:6      | Noticed Crazy Yiuf
  7857 | D:6      | Killed Crazy Yiuf
  7903 | D:6      | Acquired a staff of air
  7909 | D:6      | Learned a level 2 spell: Static Discharge
  8085 | D:7      | Reached **** piety under Cheibriados
  8247 | D:7      | Reached skill level 1 in Invocations
  8247 | D:7      | Reached skill level 1 in Evocations
  8362 | D:7      | Found a shimmering altar of Xom.
  8873 | D:8      | Got the Disquisition on Changing
  8888 | D:8      | Noticed Harold
  8910 | D:8      | Killed Harold
  8911 | D:8      | Reached skill level 13 in Poison Magic
  8911 | D:8      | Reached XP level 11. HP: 60/97 MP: 2/20
 10235 | D:10     | Entered Level 10 of the Dungeon
 10473 | D:10     | Noticed Maurice
 10484 | D:10     | Killed Maurice
 10609 | D:10     | Found a glowing silver altar of Zin.
 10649 | D:10     | Noticed Psyche
 10657 | D:10     | Killed Psyche
 10658 | D:10     | Reached skill level 1 in Conjurations
 11161 | D:10     | Reached ***** piety under Cheibriados
 11164 | D:10     | Reached skill level 5 in Invocations
 11442 | D:11     | Noticed an oklob plant
 11442 | D:11     | Noticed an oklob plant
 11520 | D:11     | Reached skill level 5 in Evocations
 11640 | D:11     | Noticed a boulder beetle
 11650 | D:11     | Killed a boulder beetle
 11729 | D:11     | Noticed a two-headed ogre
 11748 | D:11     | Killed a two-headed ogre
 11749 | D:11     | Reached skill level 5 in Conjurations
 11749 | D:11     | Reached XP level 12. HP: 77/105 MP: 2/21
 12070 | D:11     | Found a transporter.
 12072 | D:11     | Found a transporter.
 12073 | D:11     | Noticed a boulder beetle
 12073 | D:11     | Noticed a boulder beetle
 12256 | D:11     | Learned a level 6 spell: Eringya's Noxious Bog
 12256 | D:11     | Found a staircase to the Lair.
 12702 | Orc:1    | Entered Level 1 of the Orcish Mines
 12702 | Orc:1    | Noticed an orc warlord
 13014 | D:9      | Killed an orc warlord
 13243 | D:2      | Bought a potion of might for 44 gold pieces
 13636 | Orc:2    | Entered Level 2 of the Orcish Mines
 13753 | Orc:2    | Found Ulogyog's General Store.
 13761 | Orc:2    | Bought 2 scrolls of magic mapping for 91 gold pieces
 13761 | Orc:2    | Bought a scroll of identify for 26 gold pieces
 13774 | Orc:2    | Found Banidar's Antique Weapon Shoppe.
 13831 | Orc:2    | Found a frozen archway.
 13839 | Orc:2    | Reached ****** piety under Cheibriados
 13847 | IceCv    | Entered an ice cave
 14499 | IceCv    | Learned a level 5 spell: Lightning Bolt
 15543 | IceCv    | Noticed a reaper
 15549 | IceCv    | Killed a reaper
 15683 | IceCv    | Found the amulet of the Air {Inacc Air Fly rElec RMsl}
 16021 | IceCv    | Gained mutation: You can use your snake-like lower body to
                  | constrict enemies. [Naga growth]
 16021 | IceCv    | Reached XP level 13. HP: 115/121 MP: 3/23
 16300 | Orc:2    | Noticed an orc warlord
 16305 | Orc:2    | Reached skill level 1 in Armour
 16309 | Orc:2    | Killed an orc warlord
 16310 | Orc:2    | Reached skill level 1 in Shields
 16424 | Orc:2    | Found Huqoesul's Jewellery Shoppe.
 16651 | Orc:2    | Found Fonkijast's Antique Armour Shop.
 16660 | Orc:2    | Bought an embroidered cloak for 225 gold pieces
 16808 | Orc:2    | Found a staircase to the Elven Halls.
 16813 | Orc:2    | Found a runed translucent gate.
 16814 | Orc:2    | Found a runed translucent gate.
 16816 | Orc:2    | Found a runed translucent gate.
 16825 | Orc:2    | Identified the +1 robe "Nialie Poug" {rCorr}
 16825 | Orc:2    | Noticed a naga warrior
 16826 | Orc:2    | Noticed SirDiesAlot's ghost (journeyman MiDe)
 16831 | Orc:2    | Found an iron altar of Okawaru.
 17058 | Lair:1   | Entered Level 1 of the Lair of Beasts
 17427 | Lair:1   | Learned a level 3 spell: Ignite Poison
 18047 | Lair:1   | Identified the +3 ring mail "Huly" {rElec rF- Str-5 Int+8}
 18179 | Lair:2   | Reached skill level 10 in Fighting
 18728 | Lair:2   | Reached skill level 5 in Armour
 19029 | Lair:2   | Found a hole to the Spider Nest.
 20323 | Lair:4   | Noticed Sonja
 20329 | Lair:4   | Killed Sonja
 20927 | Lair:4   | Reached skill level 10 in Air Magic
 21315 | Lair:4   | Identified the +6 chain mail of the Shoals {-Tele rC+
                  | Regen+ Str+4}
 21404 | Lair:4   | Found a staircase to the Swamp.
 21656 | Lair:5   | Found a staircase to the Slime Pits.
 21656 | Lair:5   | Found a viscous altar of Jiyva.
 21741 | Lair:5   | Reached XP level 14. HP: 95/132 MP: 8/24
 22694 | Lair:6   | Entered Level 6 of the Lair of Beasts
 23307 | Lair:6   | Reached skill level 10 in Armour
 23365 | Lair:6   | Killed from afar by a fire dragon

Illustrated notes

Levels and vault maps discovered:
D:1:      mushboom_english_gardens, layout_rooms, ebering_ecumenical_altar_hall
D:2:      layout_basic, serial_shops,
          nicolae_shop_temple_entry_statues_fountains, uniq_terence
D:3:      layout_loops_ring, fedhas_ov_isle_minmay
D:4:      layout_basic, minmay_ruptured
D:5:      layout_cave_pools, minmay_temple_entry_junction, serial_shops,
          nicolae_take_the_stairs
D:6:      layout_loops_ring, lemuel_tele_altar, uniq_sigmund, uniq_eustachio,
          uniq_crazy_yiuf_cottage
D:7:      layout_gridville, overflow_temple_1_default
D:8:      layout_loops_ring, glass_columns_a, uniq_harold
D:9:      layout_loops_ring, erik_orc_1, enter_bailey_8, serial_rivers,
          chequers_serial_rivers_small_b, chequers_serial_rivers_micro_e,
          chequers_serial_rivers_large_b, chequers_serial_rivers_micro_e,
          hangedman_abyss_or_decor_stabs, uniq_maggie, uniq_prince_ribbit1
D:10:     layout_loops_ring, zin_treasury, uniq_maurice, uniq_psyche
D:11:     gammafunk_boulding_lane, layout_basic, dpeg_oklobed_lair,
          minmay_fractal_squares_diagonal_5
D:12:     layout_loops_cross, uniq_snorg
Temple:   dpeg_five_rooms_temple
Lair:1:   layout_chaotic_city, grunt_megastairs_3
Lair:2:   layout_regular_city, spider_nest_entry_funnel_web,
          serial_bayou_shore_b, infiniplex_staircase_pool_2
Lair:3:   layout_roguey, beast_lair_carwin_4
Lair:4:   layout_big_grid, palyth_hydra_swamp_entry, uniq_sonja
Lair:5:   layout_cave_pods, slime_altar_1, chequers_serial_rivers_small_b,
          lemuel_fruit_fields
Lair:6:   guppyfry_lair_end_dragon, layout_hall_layers, basic_altar,
          grunt_forest_large_clearing_hut
Orc:1:    layout_diamond_mine
Orc:2:    grunt_orc_gardens, layout_caves, grunt_orc_garden, grunt_orc_garden,
          grunt_orc_garden, grunt_orc_garden, gammafunk_ghost_fury_of_okawaru,
          basic_altar, portal_ice_cave_demonic_guard

Skill      XL: |  1  2  3  4  5  6  7  8  9 10 11 12 13 14 |
---------------+-------------------------------------------+-----
Dodging        | 2 4 5 6 |  6.0
Poison Magic   | 5 6 7 8 9 10 13 | 13.0
Spellcasting   | 3 4 6 7 |  7.0
Fighting       | 4 6 9 10 | 10.0
Air Magic      | 4 7 8 10 11 | 11.3
Invocations    | 2 6 |  6.0
Evocations     | 2 6 |  6.0
Conjurations   | 5 6 |  6.0
Transmutations | 4 |  4.0
Armour         | 8 10 | 10.1
Shields        | 2 |  2.4
Stealth        | |  3.0

Action                   |  1- 3 |  4- 6 |  7- 9 | 10-12 | 13-15 || total
-------------------------+-------+-------+-------+-------+-------++-------
Melee: Dagger            |    41 |    30 |       |       |       ||    71
       Falchion          |       |    49 |   102 |    32 |       ||   183
       Staff             |       |       |       |   254 |   228 ||   482
       Constrict         |       |       |       |       |    66 ||    66
 Cast: Sting             |    18 |    18 |    52 |    51 |     1 ||   140
       Poisonous Vapours |     7 |    22 |    47 |    18 |       ||    94
       Olgreb's Toxic Ra |       |       |    10 |    30 |    19 ||    59
       Mephitic Cloud    |       |       |     3 |    18 |       ||    21
       Corpse Rot        |       |       |     1 |       |     1 ||     2
       Static Discharge  |       |       |       |    86 |     8 ||    94
       Lightning Bolt    |       |       |       |    35 |    49 ||    84
       Eringya's Noxious |       |       |       |     7 |    32 ||    39
       Ignite Poison     |       |       |       |       |    11 ||    11
Invok: Bend Time         |       |       |     1 |       |       ||     1
 Abil: Spit Poison       |    14 |    21 |    39 |    42 |     4 ||   120
Evoke: Wand              |       |       |     2 |    30 |     3 ||    35
  Use: Potion            |     1 |     1 |     1 |     2 |       ||     5
       Scroll            |       |       |     7 |    18 |     4 ||    29
 Stab: Sleeping          |       |     1 |     1 |     7 |     5 ||    14
       Confused          |       |       |     1 |     3 |       ||     4
       Distracted        |       |       |       |     1 |       ||     1
Armor: Scale mail        |     4 |       |       |       |       ||     4
       Robe              |     2 |       |       |       |       ||     2
       Ring mail         |    11 |    40 |    44 |   142 |    92 ||   329
       Skin              |       |     1 |       |       |       ||     1
Dodge: Dodged            |    24 |    61 |   142 |   398 |   269 ||   894
       Repelled          |       |       |       |       |     5 ||     5
Block: Buckler           |       |       |       |       |   149 ||   149

Table legend: (Time is in decaauts)
 A = Elapsed time spent in this place.
 B = Non-inter-level travel time spent in this place.
 C = Inter-level travel time spent in this place.
 D = Time resting spent in this place.
 E = Time spent auto-exploring this place.
 F = Levels seen in this place.
 G = Mean time per level.
                   A        B        C        D        E       F      G
               +--------+--------+--------+--------+--------+-----+--------+
         Total |  40357 |  37191 |   3166 |   2743 |  29059 |  23 | 1754.7 |
       Dungeon |  20068 |  17471 |   2597 |   1093 |  13882 |  12 | 1672.3 |
        Temple |    395 |    309 |     86 |      0 |    289 |   1 |  395.0 |
          Lair |  12635 |  12321 |    314 |    237 |  10709 |   6 | 2105.8 |
  Orcish Mines |   2601 |   2433 |    168 |     93 |   1888 |   2 | 1300.5 |
        Bailey |   1514 |   1514 |      0 |    435 |    638 |   1 | 1514.0 |
      Ice Cave |   3142 |   3142 |      0 |    884 |   1651 |   1 | 3142.0 |
               +--------+--------+--------+--------+--------+-----+--------+

Top non-repeatable levels by time:
     D:9: 3520 daAuts
   IceCv: 3142 daAuts
  Lair:2: 2677 daAuts
  Lair:5: 2380 daAuts
    D:11: 2368 daAuts
  Lair:4: 2363 daAuts
  Lair:1: 2210 daAuts
   Orc:2: 2112 daAuts
  Lair:3: 2104 daAuts
    D:10: 2081 daAuts
     D:7: 2023 daAuts
     D:8: 1994 daAuts
     D:6: 1871 daAuts
     D:2: 1761 daAuts
  Bailey: 1514 daAuts
